 Dungeon Crawl Stone Soup version 0.29-a0-330-g52719c12eb (webtiles) character file.

Game seed: 3671921186727530420

1613 kae the Firebug (level 8, -5/63 HPs)
             Began as a Demigod Fire Elementalist on May 30, 2022.
             Slain by an orc warrior
             ... wielding a +0 hand axe
              (7 damage)
             ... on level 5 of the Dungeon.
             The game lasted 00:05:06 (7611 turns).

kae the Firebug (Demigod Fire Elementalist)         Turns: 7611, Time: 00:05:06

Health: -5/63      AC:  4    Str:  9    XL:     8   Next: 37%
Magic:  11/17      EV: 13    Int: 25    God:
Gold:   364        SH:  0    Dex: 14    Spells: 8/14 levels left

rFire   . . .      SeeInvis .   f - +2 whip (flame)
rCold   . . .      Faith    .   (no shield)
rNeg    . . .      Spirit   .   a - +0 robe
rPois   .          Reflect  .   (no helmet)
rElec   .          Harm     .   (no cloak)
rCorr   .          Rampage  .   o - +1 pair of gloves
Will    .....                   (no boots)
Stlth   ++........              d - amulet of magic regeneration
HPRegen 0.20/turn               (no ring)
MPRegen 0.55/turn               (no ring)

@: no status effects
A: high MP 1, forlorn, divine attributes, screaming 1
a: no special abilities


You were on level 5 of the Dungeon.
You visited 1 branch of the dungeon, and saw 5 of its levels.
You also visited: Ossuary.

You collected 364 gold pieces.

Inventory:

Hand Weapons
 f - a +2 whip of flaming (weapon)
Armour
 a - a +0 robe (worn)
 o - a +1 pair of gloves (worn)
Jewellery
 d - an amulet of magic regeneration (around neck)
Scrolls
 i - 4 scrolls of noise
 n - 2 scrolls of identify
 p - 2 scrolls of magic mapping
Potions
 b - 2 potions of magic
 c - a potion of cancellation
 e - a potion of brilliance
 h - a potion of might {unknown}
 j - a potion of curing
 k - a potion of haste
 m - 2 potions of attraction


   Skills:
 + Level 3.5 Fighting
 + Level 4.1 Dodging
 - Level 1.7 Stealth
 + Level 3.9 Spellcasting
 * Level 5.3 Conjurations
 * Level 5.9 Fire Magic


You had 8 spell levels left.
You knew the following spells:

 Your Spells              Type           Power      Damage    Failure   Level
a - Foxfire               Conj/Fire      100%       2x1d9     1%          1
b - Scorch                Fire           68%        2d8       1%          2
c - Conjure Flame         Conj/Fire      33%        6-21      2%          3

Your spell library contained the following spells:

 Spells                   Type           Power      Damage    Failure   Level
 Inner Flame              Hex/Fire       19%        N/A       9%          3
 Flame Wave               Conj/Fire      33%        2d8       9%          4
 Animate Skeleton         Necr           8%         N/A       10%         1
 Apportation              Tloc           8%         N/A       10%         1
 Summon Small Mammal      Summ           16%        N/A       10%         1


Dungeon Overview and Level Annotations

Branches:
Dungeon (5/15)             Temple (0/1) D:4         Ossuary (visited)

Shops:
D:4 *

Annotations:
D:5 3 runed translucent doors, PanSaczeczos's ghost, novice KoAr; Sigmund


Innate Abilities, Weirdness & Mutations

You have an increased reservoir of magic. (+10% MP)
You shall have no god before yourself.
Your divine heritage dramatically boosts your attributes as you level up.
You occasionally shout uncontrollably at your foes.


Message History

Flames lash the orc priest.
The orc priest is moderately wounded.
The orc priest's fire resistance burns away.
The orc warrior hits you with a +0 hand axe!
The orc priest is engulfed in a cloud of scalding steam.
The orc warrior barely misses you.
Casting: Scorch (safe; 1% risk of failure)
Confirm with . or Enter, or press ? or * to list all spells.
Flames lash the orc priest.
The orc priest is burned terribly!
You kill the orc priest!
You hear a splash. x2
The orc warrior barely misses you. The orc warrior closely misses you.
Casting: Scorch (safe; 1% risk of failure)
Confirm with . or Enter, or press ? or * to list all spells.
Flames lash the orc warrior.
The orc warrior is heavily wounded.
The orc warrior's fire resistance burns away.
The orc warrior hits you with a +0 hand axe.
The orc warrior completely misses you.
Casting: Scorch (safe; 1% risk of failure)
Confirm with . or Enter, or press ? or * to list all spells.
Flames lash the orc warrior but do no damage.
The orc warrior hits you with a +0 hand axe!
The orc warrior hits you with a +0 hand axe!
* * * LOW HITPOINT WARNING * * *
Casting: Scorch (safe; 1% risk of failure)
Confirm with . or Enter, or press ? or * to list all spells.
Flames lash the orc warrior.
The orc warrior is burned terribly!
The orc warrior is severely wounded.
The orc warrior drinks a potion.
The orc warrior is healed!
The orc warrior hits you with a +0 hand axe!
* * * LOW HITPOINT WARNING * * *
Casting: Scorch (safe; 1% risk of failure)
Confirm with . or Enter, or press ? or * to list all spells.
Flames lash the orc warrior.
The orc warrior is burned terribly!
The orc warrior is heavily wounded.
The orc warrior barely misses you.
The orc warrior hits you with a +0 hand axe!
You die...

####### #.....####
####.###....#
###....#≈####.#
####...####≈≈≈##.#
#....### **#≈≈#.#
##.#...# ##≈≈#.#
.......# ##.≈≈@.#
....#.## ##.≈≈≈o##
.####.# #...≈).≈#
.##...#***#)≈..≈≈.#
....##......≈≈≈≈..#
...............≈≈.#
..####......†.≈≈..#
≈≈≈≈≈#........≈≈..#
..####........≈≈..#


You could see an orc warrior (combustible).

Vanquished Creatures
  Pikel (D:4)
  3 ogres
  2 lemures (D:4)
  3 elf zombies (Ossuary)
  4 scorpions (D:5)
  3 centaur zombies (Ossuary)
  A human zombie (Ossuary)
  An orc priest (D:5)
  An iguana (D:4)
  A hound zombie (Ossuary)
  3 mummies (Ossuary)
  3 gnolls (D:4)
  10 adders
  An adder zombie (Ossuary)
  3 dart slugs
  9 orcs
  7 endoplasms
  2 giant cockroaches
  2 goblins (D:1)
  10 hobgoblins
  4 jackals (D:3)
  12 kobolds
  A quokka (D:2)
  7 ball pythons
  5 bats
  2 frilled lizards (D:3)
  5 goblin zombies (Ossuary)
  2 hobgoblin zombies (Ossuary)
  2 jackal zombies (Ossuary)
  2 kobold zombies (Ossuary)
  4 orc zombies (Ossuary)
  5 quokka zombies (Ossuary)
  8 rats
  2 rat zombies (Ossuary)
131 creatures vanquished.

Vanquished Creatures (collateral kills)
  2 lemures (D:4)
  5 foxfires (D:3)
7 creatures vanquished.

Vanquished Creatures (others)
  416 foxfires
  7 fungi (D:3)
423 creatures vanquished.

Grand Total: 561 creatures vanquished

Notes
Turn   | Place    | Note
-------+----------+-------------------------------------------
     0 | D:1      | kae the Demigod Fire Elementalist began the quest for the
                  | Orb.
     0 | D:1      | Reached XP level 1. HP: 14/14 MP: 5/5
   105 | D:1      | Reached skill level 1 in Conjurations
   493 | D:1      | Reached XP level 2. HP: 22/22 MP: 5/7
   496 | D:1      | Learned a level 2 spell: Scorch
  1481 | D:2      | Reached XP level 3. HP: 18/27 MP: 5/8
  1632 | D:2      | Learned a level 3 spell: Conjure Flame
  1899 | D:2      | Reached skill level 1 in Fighting
  2353 | D:3      | Reached XP level 4. HP: 35/35 MP: 10/10
  2629 | D:3      | Noticed a kobold brigand
  3655 | D:4      | Found Ycsuorch's Fire Supplies.
  3760 | D:4      | Noticed an ogre
  3773 | D:3      | Killed an ogre
  3774 | D:3      | Reached XP level 5. HP: 11/40 MP: 7/11
  4502 | D:4      | Found a staircase to the Ecumenical Temple.
  4972 | D:4      | Noticed Pikel
  4987 | D:4      | Killed Pikel
  4988 | D:4      | Reached XP level 6. HP: 34/50 MP: 2/13
  4988 | D:4      | Reached XP level 7. HP: 38/56 MP: 2/14
  5385 | D:5      | Entered Level 5 of the Dungeon
  5396 | D:5      | Noticed a two-headed ogre
  5442 | D:5      | Gained mutation: You occasionally shout uncontrollably at
                  | your foes. [potion of mutation]
  5450 | D:5      | HP: 2/56 [orc/+0 whip (4)]
  5469 | D:5      | Found a sand-covered staircase.
  5474 | Ossuary  | Entered an ossuary
  6000 | Ossuary  | Reached skill level 5 in Fire Magic
  6520 | D:5      | Found a runed translucent gate.
  6520 | D:5      | Found a runed translucent gate.
  6520 | D:5      | Found a runed translucent gate.
  6585 | D:5      | Noticed PanSaczeczos's ghost (novice KoAr)
  6601 | D:5      | Reached XP level 8. HP: 63/63 MP: 13/16
  6730 | D:5      | Reached skill level 5 in Conjurations
  6888 | D:5      | Noticed Sigmund
  7609 | D:5      | HP: 1/63 [orc warrior/+0 hand axe (15)]
  7611 | D:5      | Slain by an orc warrior

Illustrated notes

Levels and vault maps discovered:
D:1:      amcnicky_arrival_flooded_fountain, layout_basic,
          amcnicky_mini_rare_corridor_liquid
D:2:      layout_basic, dreamdust_ecumenical_altar_statues, basic_altar
D:3:      cheibrodos_thug_alley, layout_basic, mainiacjoe_overflow_alcove_2,
          mainiacjoe_overflow_chevrons
D:4:      layout_loops_ring, elyvilon_altar_5,
          mainiacjoe_overflow_six_doors_small,
          minmay_temple_entry_enclosed_plants, nicolae_shop_fire_sale
          [nicolae_sub_dead_trees], kennysheep_crisscross, uniq_pikel
D:5:      layout_rooms, enter_ossuary_5, serial_rivers,
          chequers_serial_rivers_room_b, chequers_serial_rivers_large_a,
          chequers_serial_rivers_small_b, chequers_serial_rivers_small_3,
          chequers_serial_rivers_small_a, chequers_serial_rivers_micro_a,
          ebering_ghost_gozag, uniq_sigmund

Skill      XL: |  1  2  3  4  5  6  7  8 |
---------------+-------------------------+-----
Conjurations   | 1 2 3 4 5 |  5.3
Fire Magic     | 3 4 5 |  5.9
Dodging        | 2 3 4 |  4.1
Spellcasting   | 2 3 |  3.9
Fighting       | 1 2 3 |  3.5
Stealth        | |  1.7

Action                   |  1- 3 |  4- 6 |  7- 9 || total
-------------------------+-------+-------+-------++-------
Melee: Whip              |       |       |     3 ||     3
       Punch             |       |       |     1 ||     1
 Cast: Foxfire           |   100 |    62 |    81 ||   243
       Scorch            |     2 |    43 |    77 ||   122
       Conjure Flame     |       |     5 |     1 ||     6
  Use: Potion            |     1 |       |     7 ||     8
       Scroll            |     2 |     3 |     8 ||    13
Armor: Robe              |     2 |     4 |    35 ||    41
Dodge: Dodged            |    15 |    29 |   112 ||   156

Table legend: (Time is in decaauts)
 A = Elapsed time spent in this place.
 B = Non-inter-level travel time spent in this place.
 C = Inter-level travel time spent in this place.
 D = Time resting spent in this place.
 E = Time spent auto-exploring this place.
 F = Levels seen in this place.
 G = Mean time per level.
                   A        B        C        D        E       F      G
               +--------+--------+--------+--------+--------+-----+--------+
         Total |   7603 |   7383 |    220 |   1662 |   4487 |   6 | 1267.2 |
       Dungeon |   6571 |   6351 |    220 |   1642 |   3678 |   5 | 1314.2 |
       Ossuary |   1032 |   1032 |      0 |     20 |    809 |   1 | 1032.0 |
               +--------+--------+--------+--------+--------+-----+--------+

Top non-repeatable levels by time:
     D:4: 2086 daAuts
     D:3: 1274 daAuts
     D:1: 1248 daAuts
     D:2: 1112 daAuts
 Ossuary: 1032 daAuts
     D:5: 849 daAuts
